 BcadrenCrawl: Boulder Brew version 0.05.4-70-gb0a8e951fc (webtiles) character file.

Game seed: 10638508983439013047, levelgen mode: deterministic

190 petercordia the Twirler (level 5, -4/35 HPs) Lignifite Demonspawn. Began on June 8, 2022. Slain by a slimehead (6 damage) ... on level 2 of the Dungeon. The game lasted 00:06:16 (1032 turns).

petercordia the Twirler (Lignifite Demonspawn)      Turns: 1032, Time: 00:06:17

Health: -4/35      AC:  2    Str: 20    XL:     5 ^: 108
Magic:  6/8        EV: 14    Int: 14    God:
Gold:   60         SH:  5    Dex: 10    Spells: 5/6 levels left

rFire    x . .     Slash    .   a - +0 morningstar
rCold    . . .     Pierce   +   g - +2 buckler {rN+}
rNeg     + . .     Bludgeon .   b - +0 robe
rCorr    . . .     Vision   .   (helmet restricted)
rPois    +         Gourm    .   (no cloak)
rElec    .         Faith    .   (gloves unavailable)
MR       .....     Spirit   .   (boots unavailable)
HPRegen  0.21/turn Reflect  .   (no amulet)
MPRegen  0.18/turn Harm     .   (no ring)
Stlth    +.........             (no ring)

@: very slightly contaminated, very slow
A: small, horns 1, rough rugged bark, branches (SH +, deformed body 1, speed 2,
poison resistance, slow metabolism 1, DEX +3, torment resistance, plant, woody
flesh (rF-) 1, rot immunity, barkskin
a: no special abilities


You were on level 2 of the Dungeon.
You were not hungry.

You visited 1 branch of the dungeon, and saw 2 of its levels.

You collected 60 gold pieces.

Inventory:

Weapons
 a - a +0 morningstar (weapon) Shields
 g - a +2 buckler of positive energy (shield)
Armour
 b - a +0 robe (worn)
Scrolls
 c - a scroll of magic mapping
 f - 2 scrolls of teleportation
 j - 2 scrolls of immolation
 k - a scroll of attention
 l - a scroll of random uselessness
Potions
 e - a potion of mutation
 h - a potion of cure mutation
 i - 2 potions of curing
Comestibles
 d - 3 rations


   Skills:
 + Level 1.2 Fighting
 + Level 4.3 Maces & Staves
 + Level 3.5 Dodging
 + Level 2.2 Stealth
 + Level 1.3 Spellcasting
 + Level 1.9 Fire Magic
   Level 3.0 Invocations


You had 5 spell levels left.
You knew the following spells:

 Your Spells              Type           Power        Failure   Level  Hunger
a - Flame Tongue          Fire           6 (30)       19%         1    21-41

Your spell library contained the following spells:

 Spells                   Type           Power        Failure   Level  Hunger
 Slow Hex 0 (100) 38% 1 21-41 Conjure Flame Fire 6 (100) 50% 3 101-161 Blink Tloc N/A 54% 2 61-101 Call Imp Summ 0 (100) 54% 2 61-101 Mephitic Cloud Pois/Air       0 (100)      77%         3    101-161


Dungeon Overview and Level Annotations

Branches:
Dungeon (2/8)

Altars:


Innate Abilities, Weirdness & Mutations

You are small and have problems with some larger weapons.
You have a pair of horns on your head.
You are covered in rough rugged bark. (+7% HP, AC +1)
A tangle of shorter branches protects your body from attack. (SH +2)
Armour fits poorly on your strangely shaped body.
You cover ground very quickly.
Your system is resistant to poisons. (rPois)
You have a slow metabolism.
You are immune to unholy pain and torment.
You require very little carbon dioxide to survive.
Your woody flesh burns easily. (rF-)
You are immune to rotting.
Your bark is difficult to pierce. (rPiercing+)
You are very agile. (DEX +3)


Message History

You hit the slimehead but do no damage. Your headbutt misses the slimehead.
The slimehead is heavily wounded. (37/67) HP The slimehead bites you (4).
You resist.
* * * LOW HITPOINT WARNING * * *
You barely miss the slimehead.
The slimehead is heavily wounded. (37/67) HP The slimehead barely misses you.
You hit the slimehead but do no damage.
The slimehead is heavily wounded. (37/67) HP The slimehead closely misses you.
The slimehead bites you (3). You resist.
* * * LOW HITPOINT WARNING * * *
You hit the slimehead but do no damage.
The slimehead is heavily wounded. (37/67) HP You block the slimehead's attack.
The slimehead closely misses you.
You enter the shallow water.
Moving in this stuff is going to be slow.
The slimehead bites you (6). You resist.
You die...

..%..#.≈≈.≈≈≈.#
......≈#b..≈..#
.≈≈...#.≈≈≈≈≈#
#....#≈≈≈≈≈≈#
#≈..;≈≈≈≈≈≈≈#
#..#.}≈b≈≈#
#####≈..≈≈≈≈.#
##.≈###.;≈≈..≈#
##.....##@≈..≈.# .
#≈≈.....#...≈≈.#
...≈#≈......#.≈≈≈≈.#
.......<.....†≈≈≈≈.#
≈P...........≈≈≈≈≈.#
##.........≈#≈≈≈≈≈.#
##.....≈≈≈##.≈....#
##.....####...≈≈≈#
......≈# #≈≈.≈≈≈#


You could see a submerged slimehead and a neutral slimehead (wandering)
(passive).

Vanquished Creatures
  A jelly (D:2)
  6 giant cockroaches (D:1)
  An adder (D:2)
  A sewer rat (D:1)
  2 cinder newts (D:1)
  A worm (D:1)
  2 leopard geckos (D:1)
  An adder skeleton (D:2)
  3 ball pythons (D:1)
  6 goblins (D:1)
  5 hobgoblins (D:1)
  2 kobolds (D:1)
  4 bats (D:1)
  7 rats (D:1)
42 creatures vanquished.

Notes
Turn   | Place    | Note
-------+----------+-------------------------------------------
     0 | D:1      | petercordia the Lignifite Demonspawn began the quest for
                  | the Orb.
     0 | D:1      | Reached XP level 1. HP: 13/13 MP: 4/4
     6 | D:1      | Gained mutation: You are covered in rough rugged bark. (+7%
                  | HP, AC +1) [demonic ancestry]
     6 | D:1      | Reached XP level 2. HP: 11/19 MP: 5/5
   142 | D:1      | Reached XP level 3. HP: 24/24 MP: 6/6
   336 | D:1      | Reached skill level 3 in Maces & Staves
   340 | D:1      | Reached XP level 4. HP: 29/29 MP: 7/7
   606 | D:1      | Reached skill level 4 in Maces & Staves
   606 | D:1      | Gained mutation: You have a pair of horns on your head.
                  | [demonic ancestry]
   606 | D:1      | Reached XP level 5. HP: 35/35 MP: 8/8
  1032 | D:2      | Slain by a slimehead

Levels and vault maps discovered:
D:1:      giann_forest_graveyard, layout_basic, minmay_misc_feat_more_columns,
          portal_sewer_entry_c
D:2:      layout_sewer, nicolae_ru_awakened_eye, sewer_frog_pond, uniq_robin,
          uniq_jessica

Skill      XL: |  1  2  3  4 |
---------------+-------------+-----
Dodging        | 3 |  3.5
Stealth        | 2 |  2.2
Maces & Staves | 3 4 |  4.3
Fighting       | |  1.2
Spellcasting   | |  1.3
Fire Magic     | |  1.9
Invocations    | |  3.0

Action                   |  1- 3 |  4- 6 || total
-------------------------+-------+-------++-------
Melee: Morningstar       |    23 |    46 ||    69
       Unarmed           |     7 |     3 ||    10
       Headbutt          |       |     2 ||     2
 Cast: Flame Tongue      |     1 |    10 ||    11
  Use: Potion            |     1 |     1 ||     2
 Stab: Sleeping          |       |     3 ||     3
Armor: Robe              |     1 |     2 ||     3
Dodge: Dodged            |    12 |    15 ||    27
Block: Other             |     3 |       ||     3
       Buckler           |       |     8 ||     8
